AoeStats
← Chaves

Arabian Desert

510329702Analyzed
1v1 RM · 2d ago on Sep 30, 2026· 30m 28s· 2 players
Game mode
Random Map
Map size
Tiny (2 player)
Population
200
Speed
Normal
Resources
Standard
Victory
Conquest
Starting age
Dark Age
Ending age
Imperial Age
RankedLock teamsTeams togetherTeam positionsShared explorationLock speedFull tech treeHidden civsTurbo modeCheats
Victory
Defeat
🇧🇷 Armenians · Brazil
959
+17
🇨🇳 Inca · China
971
-17
Chaves
2:19 Loom
10:59 Feudal Age
12:26 Town Watch
15:23 Man-at-Arms
17:44 Long Swordsman
21:29 Arson
22:24 Forging
23:12 Scale Mail Armor
Moovan\\ ('ω') //
7:23 Loom
9:23 Feudal Age
12:33 Champi Runner
14:23 Scale Mail Armor
15:41 Horse Collar
19:08 Forging
23:09 Town Watch
26:58 Castle Age
26:59 Champi Warrior
28:47 Iron Casting
Connection lost

Rejoining the realm…

Still unreachable

The connection could not be restored.

Session expired

The server has moved on; the page needs a fresh start.